 Dungeon Crawl Stone Soup version 0.29-a0-717-g6dac4ea423 (webtiles) character file.

Game seed: 6722672965559249289

106 MrPoopyBoutHole the Shooter (level 5, 0/39 HPs)
             Began as a Formicid Hunter on June 27, 2022.
             Succumbed to a water moccasin's poison
             ... on level 3 of the Dungeon.
             The game lasted 00:11:40 (2505 turns).

MrPoopyBoutHole the Shooter (Formicid Hunter)       Turns: 2505, Time: 00:11:40

Health: 0/39       AC: 14    Str: 17    XL:     5   Next: 10%
Magic:  1/5        EV:  5    Int:  9    God:
Gold:   160        SH:  0    Dex: 17    Spells: 4/4 levels left

rFire   + . .      SeeInvis +   l - +0 falchion
rCold   . . .      Faith    .   (no shield)
rNeg    . . .      Spirit   +   s - +0 plate armour
rPois   .          Reflect  .   (helmet unavailable)
rElec   .          Harm     .   (no cloak)
rCorr   .          Rampage  .   (no gloves)
Will    .....                   (no boots)
Stlth   ..........              g - amulet of guardian spirit
HPRegen 0.13/turn               k - ring of protection from fire
MPRegen 0.09/turn               m - +4 ring of protection

@: lethally poisoned (0 -> -10)
A: permanent stasis, dig shafts and tunnels, antennae 3, four strong arms
a: Dig, Shaft Self


You were on level 3 of the Dungeon.
You visited 1 branch of the dungeon, and saw 4 of its levels.

You collected 160 gold pieces.

Inventory:

Hand Weapons
 a - a +0 shortbow
 l - a +0 falchion (weapon)
Armour
 c - a +0 leather armour
 s - a +0 plate armour (worn)
 x - +0 steam dragon scales
 y - a +0 pair of boots
Jewellery
 g - an amulet of guardian spirit (around neck)
 k - a ring of protection from fire (left hand)
 m - a +4 ring of protection (right hand)
 q - an amulet of regeneration
Wands
 v - a wand of paralysis (7)
Scrolls
 b - a scroll of immolation
 d - a scroll of magic mapping {unknown}
 e - 2 scrolls of identify {unknown}
 f - 3 scrolls of noise {unknown}
 h - a scroll of fog {unknown}
 j - a scroll of summoning {unknown}
 o - a scroll of brand weapon {unknown}
 p - a scroll of enchant weapon {unknown}
 w - 4 scrolls of fear {unknown}
 A - 2 scrolls of teleportation {unknown}
Potions
 i - a potion of flight {unknown}
 n - a potion of attraction {unknown}
 r - a potion of berserk rage {unknown}
 t - a potion of degeneration {unknown}
 u - a potion of might {unknown}
 z - 2 potions of mutation {unknown}


   Skills:
 * Level 2.7 Fighting
 + Level 0.2 Long Blades
 * Level 5.7 Ranged Weapons
 + Level 0.2 Armour
 + Level 1.7 Dodging
 - Level 1.4 Stealth


You had 4 spell levels left.
You didn't know any spells.
Your spell library contained the following spells:

 Spells                   Type           Power      Damage    Failure   Level
 Magic Dart               Conj           0%         1d3       100%        1
 Poisonous Vapours        Pois/Air       0%         N/A       100%        2
 Searing Ray              Conj           0%         2d4       100%        2
 Corpse Rot               Necr/Pois/Air  0%         N/A       100%        4
 Fulminant Prism          Conj/Hex       0%         3d6       100%        4


Dungeon Overview and Level Annotations

Branches:
Dungeon (4/15)
 Temple: D:4-7

Altars:


Innate Abilities, Weirdness & Mutations

You cannot be hasted, slowed, berserked, paralysed or teleported.
You can dig through walls and to a lower floor.
You have a pair of large antennae on your head. (SInv)
Your four strong arms can wield two-handed weapons with a shield.


Message History

The water moccasin bites you.
You are poisoned.
The water moccasin poisons you! The water moccasin bites you.
You climb upwards.
You feel very sick.
There is a stone staircase leading down here.
You closely miss the water moccasin.
You punch the water moccasin, but do no damage.
You feel very sick. The water moccasin bites you. x2
You barely miss the water moccasin.
You feel sick. The water moccasin bites you.
You hit the water moccasin but do no damage.
You feel sick.
The water moccasin bites you but does no damage. x2
Aiming: Paralyse
Press: ? - help, Q - select action, (/) - cycle Shift-Dir - straight line, f - water moccasin
Aim: a water moccasin (chance to affect: 49%)
The water moccasin resists with some effort.
You feel sick. The water moccasin bites you.
* * * LOW HITPOINT WARNING * * *
You are lethally poisoned!
The water moccasin poisons you!
The water moccasin bites you but does no damage.
Non-targeted abil: Dig
Press: ? - help, Q - select action, (/) - cycle Dir - look around, f - activate You extend your mandibles.
Non-targeted abil: Dig
Press: ? - help, Q - select action, (/) - cycle Dir - look around, f - activate You retract your mandibles.
Okay, then.
Aiming: Paralyse
Press: ? - help, Q - select action, (/) - cycle Shift-Dir - straight line, f - water moccasin
Aim: a water moccasin (chance to affect: 49%)
The water moccasin suddenly stops moving!
* * * LOW HITPOINT WARNING * * *
You feel very sick.
* * * LOW HITPOINT WARNING * * *
You feel very sick.
You die...

.# #######.# #......
.########....#
###########......
.......##....#
#.........)......
.####........#
#................ .#
#..##....# #..........####'#
#####..##....# #..........#
#.#
.......##....####S>........#
#.#
####...##..................#
#.#
..##...##.......@...########
#.# #.##...##...........#
#.# #.##...##.>.........#
#.# #.##...#####........#
#.# #.##...# #........# #.#
#.##...# #........# #..
#.##...# ########## ###
#......# ####.#.#


You could see a water moccasin (paralysed).

Vanquished Creatures
  An orc priest (D:3)
  An adder (D:3)
  A worm (D:3)
  2 dart slugs
  2 orcs (D:3)
  3 bats
  4 endoplasms
  7 goblins
  4 hobgoblins
  2 jackals (D:3)
  3 quokkas
  4 ball pythons
  2 frilled lizards
  6 kobolds
  4 rats
46 creatures vanquished.

Vanquished Creatures (others)
  An orc wizard (D:3)
1 creature vanquished.

Grand Total: 47 creatures vanquished

Notes
Turn   | Place    | Note
-------+----------+-------------------------------------------
     0 | D:1      | MrPoopyBoutHole the Formicid Hunter began the quest for the
                  | Orb.
     0 | D:1      | Reached XP level 1. HP: 16/16 MP: 1/1
   233 | D:1      | Reached XP level 2. HP: 22/22 MP: 2/2
   549 | D:2      | Reached XP level 3. HP: 28/28 MP: 3/3
  1277 | D:3      | Reached skill level 5 in Ranged Weapons
  1855 | D:3      | Reached XP level 4. HP: 8/34 MP: 1/4
  2260 | D:3      | Reached XP level 5. HP: 39/39 MP: 5/5
  2489 | D:4      | Noticed a water moccasin
  2489 | D:4      | Noticed an ogre
  2505 | D:3      | Succumbed to a water moccasin's poison

Illustrated notes

Levels and vault maps discovered:
D:1:      nicolae_arrival_memento_mori, layout_basic,
          dreamdust_ecumenical_altar_sealed_demon
D:2:      layout_loops_ring, minmay_fountain_box, chequers_serial_rivers_micro_a
D:3:      layout_basic
D:4:      cheibrodos_old_hovel, layout_cave_pools, minmay_manual_mail

Skill      XL: |  1  2  3 |
---------------+----------+-----
Ranged Weapons | 5 |  5.7
Fighting       | |  2.7
Long Blades    | |  0.2
Armour         | |  0.2
Dodging        | |  1.7
Stealth        | |  1.4

Action                   |  1- 3 |  4- 6 || total
-------------------------+-------+-------++-------
Melee: Falchion          |     7 |    11 ||    18
       Punch             |       |     1 ||     1
 Fire: Shortbow          |    97 |    25 ||   122
 Abil: Dig               |     6 |     2 ||     8
Evoke: Wand              |       |     2 ||     2
Armor: Leather armour    |     2 |       ||     2
       Plate armour      |    39 |    26 ||    65
Dodge: Dodged            |    16 |     9 ||    25

Table legend: (Time is in decaauts)
 A = Elapsed time spent in this place.
 B = Non-inter-level travel time spent in this place.
 C = Inter-level travel time spent in this place.
 D = Time resting spent in this place.
 E = Time spent auto-exploring this place.
 F = Levels seen in this place.
 G = Mean time per level.
                   A        B        C        D        E       F      G
               +--------+--------+--------+--------+--------+-----+--------+
         Total |   2595 |   2551 |     44 |    210 |   1825 |   4 |  648.8 |
       Dungeon |   2595 |   2551 |     44 |    210 |   1825 |   4 |  648.8 |
               +--------+--------+--------+--------+--------+-----+--------+

Top non-repeatable levels by time:
     D:3: 1143 daAuts
     D:2: 962 daAuts
     D:1: 451 daAuts
     D:4: 38 daAuts
